 Dungeon Crawl Stone Soup version 0.26.1-2-gb8aa6d0cf2 (webtiles) character file.

Game seed: 15251707183175912051

56877 Electrofox the Thaumaturge (level 14, -5/153 HPs)
             Began as a White Draconian Ice Elementalist on Mar 6, 2021.
             Was an Elder of Sif Muna.
             Killed by the air
             ... invoked by a wind drake
              (15 damage)
             ... on level 2 of the Shoals on Mar 11, 2021.
             The game lasted 05:01:45 (30115 turns).

Electrofox the Thaumaturge (DrIE)                  Turns: 30115, Time: 05:01:47

Health: -5/153     AC: 18    Str: 10    XL:     14   Next: 43%
Magic:  22/29      EV: 14    Int: 26    God:    Sif Muna [****..]
Gold:   1470       SH:  0    Dex: 22    Spells: 4/36 levels left

rFire    + . .     SeeInvis .   (weapon currently unavailable)
rCold    . . .     Faith    .   (shield currently unavailable)
rNeg     . . .     Spirit   .   (armour unavailable)
rPois    +         Reflect  .   (helmet currently unavailable)
rElec    .         Harm     .   (cloak currently unavailable)
rCorr    .         Rampage  .   (gloves currently unavailable)
Will     +....                  (boots currently unavailable)
Stlth    +++.......             O - amulet of Wishful Thinking {RegenMP rPois Dex+5 Stlth+}
HPRegen  0.35/turn              P - ring of the Hero {Wiz rF+}
MPRegen  0.46/turn              R - ring "Uhoeshah" {rPois Int+6 Dex+4}

@: icy armour, hydra-form
A: very large, (breathe frost), unfitting armour, AC +8
a: End Transformation, Renounce Religion, Channel Magic, Forget Spell, Divine
Exegesis


You were on level 2 of the Shoals.
You worshipped Sif Muna.
Sif Muna was greatly pleased with you.
You were a six-headed hydra.
You visited 4 branches of the dungeon, and saw 20 of its levels.
You also visited: Gauntlet and Ice Cave.

You collected 1545 gold pieces.
You spent 75 gold pieces at shops.

Inventory:

Hand Weapons
 a - a +2 flail of protection
 b - the +5 hunting sling of Boamael (melded) {venom, +Blink rElec rC+ Dex+2}
   (You found it on level 6 of the Dungeon)

   It poisons the ammo it fires.
   It affects your dexterity (+2).
   It protects you from cold.
   It insulates you from electricity.
   It lets you blink.
 I - a +5 dire flail of freezing
Missiles
 d - 59 poisoned darts (quivered)
 H - 38 sling bullets
 S - 16 curare-tipped darts
Armour
 k - a +2 cloak (melded)
 u - a +0 pair of gloves (melded)
 D - a +2 pair of boots (melded)
 X - a +0 hat of intelligence (melded)
 Y - a scarf of resistance
Jewellery
 J - a cursed ring of attention {unknown}
 O - the amulet of Wishful Thinking (around neck) {RegenMP rPois Dex+5 Stlth+}
   (You found it on level 9 of the Dungeon)

   [amulet of magic regeneration]

   It increases your magic regeneration.
   It affects your dexterity (+5).
   It protects you from poison.
   It makes you more stealthy.
 P - the ring of the Hero (left foreclaw) {Wiz rF+}
   (You found it on level 9 of the Dungeon)

   [ring of wizardry]

   It improves your spell success rate.
   It protects you from fire.
 R - the ring "Uhoeshah" (right foreclaw) {rPois Int+6 Dex+4}
   (You found it on level 9 of the Dungeon)

   [ring of intelligence]

   It affects your intelligence (+6).
   It affects your dexterity (+4).
   It protects you from poison.
Wands
 n - a wand of acid (12)
 t - a wand of enslavement (20)
 A - a wand of paralysis (16)
 C - a wand of digging (3)
 K - a wand of polymorph (18)
Scrolls
 c - a scroll of magic mapping
 e - 6 scrolls of immolation
 j - a scroll of fog
 l - 6 scrolls of teleportation
 p - 3 scrolls of blinking
 v - 4 scrolls of enchant weapon
 x - a scroll of fear {unknown}
 y - a scroll of summoning {unknown}
 z - a scroll of acquirement {unknown}
 B - 3 scrolls of enchant armour
 F - 9 scrolls of remove curse
 G - a scroll of silence {unknown}
 N - a scroll of holy word {unknown}
 T - a scroll of vulnerability
Potions
 f - 2 potions of resistance
 g - 4 potions of berserk rage
 h - 4 potions of mutation
 i - 2 potions of cancellation
 m - 6 potions of lignification
 o - 5 potions of haste
 q - a potion of ambrosia {unknown}
 r - 6 potions of curing
 s - a potion of magic
 w - 2 potions of heal wounds
 E - a potion of brilliance
 Q - a potion of invisibility {unknown}
 U - 3 potions of flight {unknown}
 W - 2 potions of might


   Skills:
 - Level 9.4 Fighting
 - Level 10.0 Maces & Flails
 - Level 8.1 Slings
 - Level 8.1 Dodging
 - Level 1.7 Stealth
 + Level 11.8 Spellcasting
 - Level 5.0 Conjurations
 - Level 4.0 Hexes
 - Level 3.0 Summonings
 - Level 6.0 Necromancy
 + Level 6.4 Transmutations
 - Level 10.0 Ice Magic


You had 4 spell levels left.
You knew the following spells:

 Your Spells              Type           Power        Failure   Level
a - Freeze                Ice            100%         1%          1
b - Frozen Ramparts       Ice            100%         1%          3
c - Ozocubu's Armour      Ice            61%          1%          3
d - Hailstorm             Conj/Ice       53%          1%          4
e - Irradiate             Conj/Tmut      22%          4%          5
f - Summon Ice Beast      Ice/Summ       49%          1%          4
g - Vampiric Draining     Necr           23%          1%          3
h - Confusing Touch       Hex            36%          1%          3
i - Hydra Form            Tmut           24%          16%         6

Your spell library contained the following spells:

 Spells                   Type           Power        Failure   Level
 Animate Skeleton         Necr           92%          1%          1
 Beastly Appendage        Tmut           96%          1%          1
 Corona                   Hex            40%          1%          1
 Pain                     Necr           100%         1%          1
 Sting                    Tmut/Pois      100%         1%          1
 Summon Small Mammal      Summ           100%         1%          1
 Call Imp                 Summ           30%          1%          2
 Ensorcelled Hibernation  Hex/Ice        100%         1%          2
 Wereblood                Tmut           48%          1%          2
 Call Canine Familiar     Summ           30%          1%          3
 Dazzling Flash           Conj/Hex       76%          1%          3
 Spider Form              Tmut/Pois      16%          1%          3
 Summon Guardian Golem    Hex/Summ       33%          1%          3
 Tukima's Dance           Hex            36%          1%          3
 Animate Dead             Necr           23%          1%          4
 Ice Form                 Ice/Tmut       55%          1%          4
 Cause Fear               Hex            18%          3%          4
 Gell's Gravitas          Tloc           7%           4%          3
 Petrify                  Tmut/Erth      32%          4%          4
 Summon Lightning Spire   Summ/Air       23%          9%          4
 Metabolic Englaciation   Hex/Ice        25%          2%          5
 Agony                    Necr           46%          3%          5
 Blade Hands              Tmut           24%          3%          5
 Ozocubu's Refrigeration  Ice            30%          4%          6
 Yara's Violent Unravell  Hex/Tmut       21%          5%          5
 Silence                  Hex/Air        12%          19%         5
 Statue Form              Tmut/Erth      21%          52%         6
 Dragon Form              Tmut           24%          65%         7
 Discord                  Hex            18%          100%        8


Dungeon Overview and Level Annotations

Branches:
Dungeon (12/15)            Temple (1/1) D:7            Lair (5/6) D:8
 Shoals (2/4) Lair:3       Spider (0/4) Lair:3          Orc (0/2) D:9
  IceCv (visited)         Gauntlet (visited)
  Slime: Lair:5-6

Altars:
Ashenzari
Cheibriados
Dithmenos
Elyvilon
Fedhas
Gozag
Hepliaklqana
Kikubaaqudgha
Makhleb
Nemelex Xobeh
Okawaru
Qazlal
Ru
Sif Muna
Trog
Uskayaw
Vehumet
Wu Jian
Xom
Yredelemnul
Zin
The Shining One

Shops:
D:11 !   Shoals:1 =

Annotations:
D:8 Erica
D:10 exclusion: two-headed ogre
D:11 exclusions: black bear and cyclops, Fannar
Lair:1 2 transporters, exclusion: downstairs
Lair:3 exclusions: cane toad and hydra
Lair:5 2 transporters, exclusion: downstairs, Kirke; Wolly's ghost, journeyman CeAM
Shoals:1 exclusions: merfolk impaler and sea snake
Shoals:2 exclusion: 2 dream sheep


Innate Abilities, Weirdness & Mutations

((You can breathe waves of freezing cold.))
((You can buffet flying creatures when you breathe cold.))
((Your icy white scales are hard. (AC +8)))
You cannot fit into any form of body armour.
((Your flesh is cold resistant. (rC+)))
((You are cold-blooded and may be slowed by cold attacks.))


Message History

The snapping turtle hisses angrily.
The harpy misses you. The harpy claws you!
The harpy claws you but does no damage. The harpy claws you!
* * * LOW HITPOINT WARNING * * *
The harpy claws you!
* * * LOW HITPOINT WARNING * * *
The harpy claws you but does no damage. The harpy barely misses you.
The harpy claws you.
* * * LOW HITPOINT WARNING * * *
The harpy claws you but does no damage. The harpy closely misses you.
The harpy claws you.
* * * LOW HITPOINT WARNING * * *
The harpy claws you.
* * * LOW HITPOINT WARNING * * *
The harpy claws you!
* * * LOW HITPOINT WARNING * * *
The harpy closely misses you. The wind drake flaps its wings at you.
The air twists around and strikes you!
You die...

##?≈≈≈≈≈≈≈≈
#≈≈≈≈.≈≈≈≈≈ ≈
#≈≈≈..≈≈≈≈≈
..###≈≈≈≈≈≈≈≈≈≈
P!P≈≈≈≈k≈≈≈≈≈≈≈
..PP≈≈P≈≈≈≈≈≈≈≈
.≈PP≈≈HPH≈≈≈≈≈≈
≈≈≈P≈≈HD≈≈≈≈≈≈≈
≈≈≈≈P.≈HH≈≈≈≈≈≈
≈≈PPP...)...≈≈≈
≈≈PPPPP.##....≈
≈≈≈PP≈≈.. #....
≈≈≈.P>≈.. ...m
≈≈≈≈..... ≈..
t≈≈≈≈≈.... ≈.


You could see a snapping turtle, a wind drake (repels missiles), a merfolk
(asleep) and 5 harpies.

Vanquished Creatures
  Nessos (Lair:5)
  Snorg (Lair:5)
  4 hydras
  A merfolk aquamancer (Shoals:1)
  2 two-headed ogres (D:10)
  Sonja (D:11)
  A sea snake (Shoals:1)
  An unseen horror (D:10)
  Pikel (D:7)
  5 fauns (Shoals:1)
  3 ugly things
  An oklob plant (Lair:1)
  10 elephants
  Maurice (D:11)
  2 manticores
  3 merfolk sirens (Shoals:1)
  2 ice statues (IceCv)
  A torpor snail (Lair:4)
  A gargoyle (D:9)
  Maggie (D:8)
  10 cane toads
  2 rime drakes
  5 komodo dragons
  2 efreet
  A troll (D:11)
  3 merfolk (Shoals:1)
  A hornet (D:8)
  2 jumping spiders (Lair:3)
  A wolf spider simulacrum (D:11)
  18 blink frogs
  A polar bear (Lair:5)
  A wind drake (Lair:3)
  21 dream sheep
  A snapping turtle (Shoals:2)
  6 redbacks (Lair:3)
  Sigmund (D:6)
  4 wyverns
  A shadow (D:12)
  43 yaks
  A basilisk (D:9)
  3 water elementals (Shoals:1)
  A steam dragon (Lair:4)
  4 vampire mosquitoes (D:12)
  5 water moccasins
  5 orc warriors
  9 ice beasts
  5 black bears
  A necrophage (D:11)
  5 sky beasts
  10 ogres
  28 wolves
  15 centaurs
  3 lemures (D:7)
  17 bullfrogs
  2 big kobolds
  A water moccasin zombie (D:7)
  A wyvern skeleton (D:11)
  2 scorpions
  10 killer bees
  8 howler monkeys
  15 wights
  An electric eel (Lair:2)
  2 bullfrog zombies
  2 centaur zombies
  3 jellies
  8 hounds
  3 gnoll shamans (D:12)
  3 orc priests
  9 orc wizards
  2 centaur skeletons
  An iguana (D:7)
  Natasha (thrice) (D:4)
  4 worker ants
  A hound zombie (D:7)
  A hound skeleton (D:6)
  A worker ant zombie (D:6)
  A howler monkey skeleton (D:4)
  11 gnolls
  12 adders
  17 white imps
  An adder zombie (D:5)
  An adder skeleton (D:5)
  2 worms
  2 dart slugs (D:3)
  5 leopard geckos
  44 orcs
  3 giant cockroaches
  4 goblins
  A hobgoblin (D:3)
  23 jackals
  5 quokkas
  2 ball pythons
  6 bats
  3 frilled lizards
  4 kobolds
  A leopard gecko skeleton (D:6)
  A quokka skeleton (D:4)
  A quokka zombie (D:6)
  4 rats
516 creatures vanquished.

Vanquished Creatures (collateral kills)
  Gastronok (Lair:2)
  A hydra (Lair:2)
  An elephant (Lair:5)
  A merfolk siren (Shoals:1)
  A troll (D:12)
  4 dream sheep
  A basilisk (Lair:2)
  3 yaks
  An ice beast (D:9)
  A necrophage (D:7)
  2 wolves
  An electric eel (Lair:1)
  An adder skeleton (D:8)
  An orc (D:10)
20 creatures vanquished.

Vanquished Creatures (others)
  40 fungi
  64 plants
104 creatures vanquished.

Grand Total: 640 creatures vanquished

Notes
Turn   | Place    | Note
-------+----------+-------------------------------------------
     0 | D:1      | Electrofox the Draconian Ice Elementalist began the quest
                  | for the Orb.
     0 | D:1      | Reached XP level 1. HP: 14/14 MP: 3/3
  1005 | D:2      | Reached XP level 2. HP: 16/20 MP: 0/5
  1583 | D:2      | Reached XP level 3. HP: 26/26 MP: 2/6
  1592 | D:2      | Learned a level 3 spell: Frozen Ramparts
  2193 | D:3      | Reached skill level 5 in Ice Magic
  2790 | D:3      | Found a radiant altar of Vehumet.
  2790 | D:3      | Found a snail-covered altar of Cheibriados.
  2821 | D:3      | Reached XP level 4. HP: 33/33 MP: 5/8
  3607 | D:4      | Noticed Natasha
  3613 | D:4      | Killed Natasha
  3614 | D:4      | Reached skill level 3 in Spellcasting
  3636 | D:4      | Reached XP level 5. HP: 36/38 MP: 4/9
  3956 | D:4      | Noticed Natasha
  4349 | D:4      | Found an ornate altar of the Wu Jian Council.
  4549 | D:4      | Learned a level 3 spell: Ozocubu's Armour
  4648 | D:5      | Entered Level 5 of the Dungeon
  4845 | D:4      | Killed Natasha
  4880 | D:4      | Noticed Natasha
  4887 | D:4      | Killed Natasha
  5203 | D:5      | Reached XP level 6. HP: 41/45 MP: 8/11
  5303 | D:5      | Found a white marble altar of Elyvilon.
  5539 | D:5      | Found a basalt altar of Yredelemnul.
  5575 | D:5      | Noticed an ice beast
  6019 | D:6      | Noticed Sigmund
  6089 | D:6      | Got a transparent hunting sling
  6309 | D:6      | Found an iron altar of Okawaru.
  6597 | D:6      | Reached skill level 4 in Spellcasting
  6971 | D:6      | Learned a level 4 spell: Hailstorm
  7019 | D:6      | Reached skill level 1 in Conjurations
  7157 | D:6      | Your scales start taking on an icy white colour.
  7157 | D:6      | Reached XP level 7. HP: 50/50 MP: 9/13
  7157 | D:6      | Gained mutation: Your flesh is cold resistant. (rC+) [White
                  | Draconian growth]
  7480 | D:7      | Found a basalt altar of Yredelemnul.
  7518 | D:7      | Noticed Pikel
  7723 | D:7      | Identified the +5 hunting sling of Boamael {venom, +Blink
                  | rElec rC+ Dex+2} (You found it on level 6 of the Dungeon)
  8272 | D:7      | Reached skill level 1 in Slings
  8323 | D:7      | Reached XP level 8. HP: 35/57 MP: 7/14
  8704 | D:7      | Killed Pikel
  8705 | D:7      | Reached skill level 10 in Ice Magic
  8741 | D:7      | Found a sacrificial altar of Ru.
  8791 | D:7      | Reached skill level 5 in Conjurations
  8797 | D:7      | Learned a level 1 spell: Animate Skeleton
  8861 | D:7      | Reached skill level 1 in Necromancy
  8966 | D:7      | Found a staircase to the Ecumenical Temple.
  9120 | Temple   | Entered the Ecumenical Temple
  9318 | Temple   | Became a worshipper of Sif Muna the Loreminder
  9586 | D:7      | Reached XP level 9. HP: 60/62 MP: 12/15
  9588 | D:7      | Learned a level 1 spell: Pain
  9758 | D:7      | Reached skill level 5 in Slings
  9912 | D:8      | Noticed an elephant
  9913 | D:8      | Found a staircase to the Lair.
 10029 | D:8      | Noticed Erica
 10069 | D:8      | Noticed Maggie
 10077 | D:8      | Killed Maggie
 10384 | D:8      | Reached * piety under Sif Muna
 10734 | D:8      | Found an opulent altar of Gozag.
 10896 | D:8      | Reached skill level 1 in Maces & Flails
 11345 | D:9      | Reached XP level 10. HP: 64/69 MP: 10/16
 11411 | D:9      | Found a hide-covered altar of Uskayaw.
 11575 | D:9      | Found a staircase to the Orcish Mines.
 11651 | D:9      | Noticed a centaur warrior
 11703 | D:9      | Reached skill level 5 in Necromancy
 11974 | D:9      | Reached ** piety under Sif Muna
 12065 | D:9      | Noticed a gargoyle
 12076 | D:9      | Killed a gargoyle
 12077 | D:9      | Reached skill level 5 in Maces & Flails
 12247 | D:9      | Learned a level 3 spell: Vampiric Draining
 12272 | D:9      | Got a fine pewter amulet
 12280 | D:9      | Got a heavily runed bone ring
 12281 | D:9      | Noticed a purple ugly thing
 12295 | D:9      | Killed a purple ugly thing
 12316 | D:9      | Got a sparkling lapis lazuli ring
 12319 | D:9      | Got a serpentine platinum ring
 12355 | D:9      | Identified the ring "Uhoeshah" {rPois Int+6 Dex+4} (You
                  | found it on level 9 of the Dungeon)
 12384 | D:10     | Entered Level 10 of the Dungeon
 12742 | D:10     | Noticed a two-headed ogre
 12803 | D:10     | Noticed a two-headed ogre
 13039 | D:10     | Killed a two-headed ogre
 13208 | D:10     | Killed an unseen horror
 13350 | D:10     | Reached XP level 11. HP: 74/74 MP: 13/17
 13366 | D:10     | Reached *** piety under Sif Muna
 13443 | D:10     | Noticed a two-headed ogre
 13458 | D:10     | Killed a two-headed ogre
 13934 | D:11     | Reached skill level 10 in Maces & Flails
 14010 | D:11     | Reached skill level 1 in Fighting
 14198 | D:11     | Noticed Sonja
 14538 | D:11     | Noticed Maurice
 14547 | D:11     | HP: 1/78 [acid (10)]
 14845 | D:11     | Noticed Fannar
 15142 | D:11     | Found Ytanadic's Distillery.
 15150 | D:11     | Bought a potion of heal wounds for 75 gold pieces
 15186 | D:11     | Killed Maurice
 15270 | D:11     | Learned a level 4 spell: Summon Ice Beast
 15312 | D:11     | Killed Sonja
 15744 | D:12     | Reached skill level 5 in Spellcasting
 15965 | D:12     | Identified the ring of the Hero {Wiz rF+} (You found it on
                  | level 9 of the Dungeon)
 16791 | D:12     | Identified the amulet of Wishful Thinking {RegenMP rPois
                  | Dex+5 Stlth+} (You found it on level 9 of the Dungeon)
 17264 | D:12     | Reached **** piety under Sif Muna
 17882 | D:12     | Reached skill level 5 in Fighting
 18630 | Lair:1   | Entered Level 1 of the Lair of Beasts
 18813 | Lair:1   | Found a transporter.
 18817 | Lair:1   | Noticed a swamp dragon
 18818 | Lair:1   | Noticed a swamp dragon
 18819 | Lair:1   | Noticed a swamp dragon
 19063 | Lair:1   | Noticed a six-headed hydra
 19337 | Lair:1   | Reached XP level 12. HP: 94/94 MP: 20/20
 19397 | Lair:1   | Found a transporter.
 19697 | Lair:2   | Noticed Gastronok
 19756 | Lair:2   | Reached skill level 5 in Dodging
 19761 | Lair:2   | Reached skill level 6 in Spellcasting
 19983 | Lair:2   | Noticed a four-headed hydra
 20316 | Lair:2   | Noticed a six-headed hydra
 20330 | Lair:2   | Killed a six-headed hydra
 20378 | Lair:2   | Learned a level 4 spell: Ice Form
 20449 | Lair:2   | Reached skill level 1 in Transmutations
 20718 | Lair:2   | Reached skill level 7 in Spellcasting
 20867 | Lair:2   | Killed Gastronok
 20931 | Lair:2   | Killed a four-headed hydra
 21263 | Lair:3   | Reached skill level 8 in Spellcasting
 21288 | Lair:3   | Found a gate leading to a gauntlet.
 21298 | Gauntlet | Entered a Gauntlet
 21298 | Gauntlet | Found a transporter.
 21298 | Gauntlet | Found a runed translucent gate.
 21298 | Gauntlet | Found a runed translucent gate.
 21302 | Gauntlet | Found a runed translucent gate.
 21307 | Gauntlet | Found a transporter.
 21309 | Gauntlet | Found a transporter.
 21314 | Gauntlet | Noticed a queen ant
 21325 | Gauntlet | Found a transporter.
 21328 | Gauntlet | Found a transporter.
 21334 | Gauntlet | Found a transporter.
 21350 | Gauntlet | Found a transporter.
 21360 | Gauntlet | Found a transporter.
 21365 | Gauntlet | Found a transporter.
 21366 | Gauntlet | Found a transporter.
 21372 | Gauntlet | Found a runed translucent door.
 21374 | Gauntlet | Found a transporter.
 21376 | Gauntlet | Found a transporter.
 21376 | Gauntlet | Found a runed translucent door.
 21398 | Gauntlet | Found a transporter.
 21412 | Gauntlet | Found a transporter.
 21670 | Lair:3   | Found a staircase to the Shoals.
 21713 | Lair:3   | Noticed an eight-headed hydra
 21717 | Lair:3   | Identified the cursed ring of the Eagle {Int-4 Dex+8} (You
                  | found it on level 9 of the Dungeon)
 22546 | Lair:3   | Learned a level 3 spell: Dazzling Flash
 22550 | Lair:3   | Learned a level 3 spell: Confusing Touch
 22563 | Lair:4   | Reached XP level 13. HP: 107/107 MP: 19/25
 23111 | Lair:4   | Reached ***** piety under Sif Muna
 23154 | Lair:4   | Reached skill level 9 in Spellcasting
 23187 | Lair:4   | Identified Sif Muna's Catalogue of Toxins and the Frostbite
                  | (Sif Muna gifted it to you on level 4 of the Lair of
                  | Beasts)
 23187 | Lair:4   | Received a gift from Sif Muna
 23219 | Lair:4   | Learned a level 6 spell: Ozocubu's Refrigeration
 24057 | Lair:4   | Reached skill level 10 in Spellcasting
 24756 | Lair:5   | Noticed Snorg
 24772 | Lair:5   | Noticed Nessos
 24777 | Lair:5   | Killed Nessos
 24797 | Lair:5   | Killed Snorg
 24963 | Lair:5   | Found a frozen archway.
 24978 | IceCv    | Entered an ice cave
 25006 | IceCv    | Reached skill level 1 in Hexes
 25140 | IceCv    | Found a transporter.
 25179 | IceCv    | Received a gift from Sif Muna
 25194 | IceCv    | Found a transporter.
 25797 | Lair:5   | Learned a level 5 spell: Irradiate
 26665 | D:6      | Killed Sigmund
 26956 | Lair:1   | Reached XP level 14. HP: 46/118 MP: 15/28
 27533 | Lair:3   | Reached skill level 11 in Spellcasting
 27536 | Lair:3   | Found a hole to the Spider Nest.
 27976 | Lair:5   | Found a transporter.
 27977 | Lair:5   | Found a transporter.
 27978 | Lair:5   | Noticed Wolly's ghost (journeyman CeAM)
 28207 | Lair:5   | Reached skill level 5 in Transmutations
 28390 | Lair:5   | Got a pair of fine boots
 28579 | Lair:5   | Noticed Kirke
 28673 | Shoals:1 | Entered Level 1 of the Shoals
 28805 | Shoals:1 | Identified the cursed -1 pair of boots of Mysticism {-Tele
                  | Rampage rC++ Int+2} (You found it on level 5 of the Lair of
                  | Beasts)
 29617 | Shoals:1 | Found Ifossosh's Jewellery Shoppe.
 29964 | Shoals:1 | Learned a level 6 spell: Hydra Form
 30115 | Shoals:2 | Killed from afar by a wind drake

Illustrated notes

Levels and vault maps discovered:
D:1:      psy_arrival_dodecagon, layout_basic, corexii_leaking_fountain
D:2:      layout_loops_ring
D:3:      layout_basic, gammafunk_temple_overflow_statue,
          mrwooster_statue_mirror
D:4:      layout_basic, nzn_wu_jian_council_hall, uniq_natasha
D:5:      layout_basic, basic_altar, elyvilon_altar_3
D:6:      layout_basic, serial_corexii_hall, corexii_hall_statues_i,
          corexii_hall_statues_i, okawaru_metal_pillars_1_2, uniq_sigmund
D:7:      layout_loops_cross, lemuel_coloured_pillars_altar,
          lemuel_crystal_altar, minmay_temple_entry_grid, uniq_pikel
D:8:      layout_basic, david_lair_generic,
          nicolae_gozag_cash_rules_everything_around_me, uniq_maggie, uniq_erica
D:9:      minmay_the_grid_triangle_9x9_recursive_2
          [minmay_the_grid_triangle_9x9_prize_special,
          minmay_the_grid_triangle_9x9_sparse_checkered,
          minmay_the_grid_triangle_9x9_alien,
          minmay_the_grid_triangle_9x9_zippers_vertical], layout_stronghold,
          kennysheep_mini, orc_0_dummy
D:10:     layout_basic
D:11:     layout_irregular_city, serial_shops, nicolae_shop_behind_doors,
          uniq_sonja, uniq_fannar, uniq_maurice
D:12:     kennysheep_seaside_town, layout_long_grid, serial_co_window_serial,
          co_window_paths_b, co_window_corner_a, co_window_paths_a,
          co_window_of_opportunity_a, co_window_corner_a, co_window_paths_a,
          co_window_corner_a, co_window_broadway_b, co_window_paths_c,
          co_window_of_opportunity_c, co_window_unsneaky_path_b,
          co_window_4corner_a, co_window_paths_e, glass_columns_c,
          glass_columns_a, glass_columns_a
Temple:   eino_temple_rhombus
Lair:1:   gammafunk_cloud_chamber, layout_cave_pods,
          chequers_serial_rivers_micro_c, serial_bayou_shore_a,
          minmay_lair_oklob_chamber, lemuel_fruit_tree
Lair:2:   layout_gridlike, serial_bayou_pond_e, chequers_serial_rivers_micro_c,
          uniq_gastronok
Lair:3:   layout_concentric_octagons, minmay_shoals_entry_beasts,
          nicolae_spider_entry_tight_spaces, gauntlet_entry_generic,
          grunt_megastairs_4, infiniplex_staircase_pool
Lair:4:   layout_gridlike
Lair:5:   layout_hall_layers, gammafunk_ghost_hive, portal_ice_cave_entry_imps,
          beast_lair_carwin_11, infiniplex_staircase_pool_2, uniq_nessos,
          uniq_kirke, uniq_snorg
Shoals:1: layout_shoals, serial_shops, nicolae_shop_stone,
          nicolae_shoals_square_sea_wall
Shoals:2: layout_shoals, lemuel_centaur_altar

Skill      XL: |  1  2  3  4  5  6  7  8  9 10 11 12 13 14 |
---------------+-------------------------------------------+-----
Ice Magic      | 5 6 8 9 10 | 10.0
Spellcasting   | 3 4 5 8 10 11 | 11.8
Conjurations   | 2 4 5 |  5.0
Slings         | 1 4 8 |  8.1
Necromancy     | 3 4 6 |  6.0
Maces & Flails | 2 8 10 | 10.0
Fighting       | 5 7 9 |  9.4
Dodging        | 4 6 8 |  8.1
Summonings     | 3 |  3.0
Transmutations | 2 3 6 |  6.4
Hexes          | 4 |  4.0
Stealth        | |  1.7

Action                   |  1- 3 |  4- 6 |  7- 9 | 10-12 | 13-15 || total
-------------------------+-------+-------+-------+-------+-------++-------
Melee: Unarmed           |    16 |       |       |       |     2 ||    18
       Flail             |     1 |       |    18 |   279 |   333 ||   631
       Mace              |       |    80 |    63 |       |       ||   143
       Dagger            |       |     3 |       |       |       ||     3
       Tailslap          |       |     9 |     8 |    44 |    69 ||   130
       Dire flail        |       |       |       |     6 |       ||     6
 Fire: Hunting sling     |       |       |   148 |   330 |   198 ||   676
Throw: Dart              |     2 |    23 |     5 |    24 |    29 ||    83
 Cast: Freeze            |    63 |    67 |    69 |    80 |    75 ||   354
       Frozen Ramparts   |       |     3 |     7 |    24 |    25 ||    59
       Ozocubu's Armour  |       |     1 |     1 |    26 |    28 ||    56
       Animate Skeleton  |       |       |     9 |    30 |       ||    39
       Pain              |       |       |     7 |    14 |       ||    21
       Hailstorm         |       |       |     2 |    40 |    46 ||    88
       Summon Ice Beast  |       |       |       |    10 |    12 ||    22
       Vampiric Draining |       |       |       |     3 |    17 ||    20
       Ice Form          |       |       |       |     1 |       ||     1
       Ozocubu's Refrige |       |       |       |       |     7 ||     7
       Confusing Touch   |       |       |       |       |     4 ||     4
       Dazzling Flash    |       |       |       |       |     3 ||     3
       Irradiate         |       |       |       |       |     4 ||     4
       Hydra Form        |       |       |       |       |     1 ||     1
 Abil: Breathe Frost     |       |       |     5 |    10 |     3 ||    18
       Evoke Blink       |       |       |     3 |     2 |       ||     5
       End Transformatio |       |       |       |     1 |       ||     1
  Use: Scroll            |       |     4 |     7 |    19 |    13 ||    43
       Potion            |       |       |       |     1 |     8 ||     9
 Stab: Sleeping          |       |       |     2 |       |     1 ||     3
       Distracted        |       |       |       |       |     2 ||     2
       Confused          |       |       |       |       |     1 ||     1
       Invisible         |       |       |       |       |     1 ||     1
Armor: Skin              |    20 |    58 |    55 |   199 |   301 ||   633
Dodge: Dodged            |    33 |    89 |   105 |   299 |   668 ||  1194
